 Dungeon Crawl Stone Soup version 0.31-a0-177-g4aa6249778 (webtiles) character file.

Game seed: 5755567715952142955

7 qw the Shooter (level 2, 0/26 HPs)
             Began as a Naga Hunter on June 18, 2023.
             Slain by a frilled lizard (1 damage)
             ... on level 1 of the Dungeon.
             The game lasted 00:00:03 (227 turns).

qw the Shooter (Naga Hunter)                         Turns: 227, Time: 00:00:03

Health: 0/26       AC:  2    Str: 13    XL:     2   Next: 0%
Magic:  2/2        EV:  9    Int:  9    God:
Gold:   0          SH:  0    Dex: 14    Spells: 1/1 levels left

rFire   . . .        a - +0 shortbow
rCold   . . .        (shield currently unavailable)
rNeg    . . .        c - +0 leather armour
rPois   +            (no helmet)
rElec   .            (no cloak)
rCorr   .            (no gloves)
SInv    +            (no barding)
Will    .....        (no amulet)
Stlth   ++           (no ring)
HPRegen 0.24/turn    (no ring)
MPRegen 0.08/turn

%: no passive effects
@: very slow
A: AC +0, large, see invisible, deformed body, poison resistance, slowness 2,
spit poison 1, naga tail 1
a: Spit Poison


You were on level 1 of the Dungeon.
You visited 1 branch of the dungeon, and saw 1 of its levels.


Innate Abilities, Weirdness & Mutations

Your serpentine skin is tough. (AC +0)
You have supernaturally acute eyesight. (SInv)
Armour fits poorly on your strangely shaped body.
Your system is resistant to poisons. (rPois)
You cover ground very slowly.
You can spit poison.
You have a snake-like lower body.


   Skills:
 - Level 2.0 Fighting
 + Level 4.0 Ranged Weapons
 - Level 1.5 Dodging
 - Level 1.5 Stealth


You had one spell level left.
You didn't know any spells.
Your spell library was empty.

Inventory:

Hand Weapons
 a - a +0 shortbow (weapon)
Armour
 c - a +0 leather armour (worn)
Scrolls
 b - a scroll of butterflies
 d - a scroll of teleportation {unknown}
Potions
 e - a potion of degeneration {unknown}

Dungeon Overview and Level Annotations

Branches:
Dungeon (1/15)

Altars:


Message History

Aiming: Spit Poison (3% risk of failure)
Press: ? - help, Shift-Dir - straight line, f - goblin The splash of poison hits the goblin.
The goblin is poisoned.
You kill the goblin!
You have got your breath back.
e - a fizzy ruby potion
Enter note: A quokka, a hobgoblin, a frilled lizard and a rat come into view.
The frilled lizard hisses angrily.
The hobgoblin shouts!
You hear a shout!
Enter note:
221 ||| INVOKING Spit Poison.
Aiming: Spit Poison (3% risk of failure)
Press: ? - help, Shift-Dir - straight line, f - hobgoblin The splash of poison hits the hobgoblin!
You kill the hobgoblin!
A goblin comes into view. It is wielding a +0 club.
You shoot an arrow. The arrow hits the quokka.
The quokka is severely wounded.
You shoot an arrow. The arrow hits the quokka.
The quokka is almost dead.
The quokka bites you.
You shoot an arrow. The arrow barely misses the quokka.
The quokka barely misses you.
You shoot an arrow. The arrow barely misses the quokka.
The quokka bites you. The frilled lizard closely misses you.
The rat twitches its whiskers.
The quokka bites you.
You shoot an arrow. The arrow hits the quokka.
You kill the quokka!
You have got your breath back.
The frilled lizard bites you. The goblin hits you with a +0 club.
The frilled lizard bites you.
Your Ranged Weapons skill increases to level 4!
You have reached level 2!
227 ||| INVOKING Spit Poison.
Aiming: Spit Poison (2% risk of failure)
Press: ? - help, Shift-Dir - straight line, f - goblin You fail to use your ability.
The goblin hits you with a +0 club. The frilled lizard bites you.
You die...

.#.#
#.###########
.#.# #.# .#.#
#.# .# #.# .#
#.# .# #.# .#
#.# .# #.# .#
#@# .#
......gl# ##
....^..r.
........##
.........
#.#.....# #
#.##### #.


You could see a goblin, a frilled lizard and a rat.

Vanquished Creatures
  A bat (D:1)
  A goblin (D:1)
  2 hobgoblins (D:1)
  A quokka (D:1)
5 creatures vanquished.

Notes
Turn   | Place    | Note
-------+----------+-------------------------------------------
     0 | D:1      | qw the Naga Hunter began the quest for the Orb.
     0 | D:1      | Reached XP level 1. HP: 19/19 MP: 1/1
     0 | D:1      | 0 ||| qw: Version: 0.3-a-5-g6f28e65
     0 | D:1      | 0 ||| qw: Game counter: 538
     0 | D:1      | 0 ||| qw: Always use a shield: true
     0 | D:1      | 0 ||| qw: God list: Okawaru
     0 | D:1      | 0 ||| qw: Allow faded altars: false
     0 | D:1      | 0 ||| qw: Do Orc after D:15 true
     0 | D:1      | 0 ||| qw: Do second Lair branch before Depths: true
     0 | D:1      | 0 ||| qw: Lair rune preference: random
     0 | D:1      | 0 ||| qw: Plans: Normal
     0 | D:1      | 0 ||| PLANNING D:1-11
    49 | D:1      | 49 ||| INVOKING Spit Poison.
   104 | D:1      | 104 ||| INVOKING Spit Poison.
   108 | D:1      | 108 ||| INVOKING Spit Poison.
   168 | D:1      | 168 ||| INVOKING Spit Poison.
   221 | D:1      | 221 ||| INVOKING Spit Poison.
   226 | D:1      | HP: 3/19 [frilled lizard (2)]
   227 | D:1      | Reached skill level 4 in Ranged Weapons
   227 | D:1      | Reached XP level 2. HP: 4/26 MP: 2/2
   227 | D:1      | 227 ||| INVOKING Spit Poison.
   227 | D:1      | HP: 1/26 [goblin/+0 club (3)]
   227 | D:1      | Slain by a frilled lizard

Levels and vault maps discovered:
D:1:      mainiacjoe_arrival_reflecting_pool, layout_basic, minmay_tetromino_o2

Skill      XL: |  1 |
---------------+----+-----
Ranged Weapons | 4 |  4.0
Fighting       | |  2.0
Dodging        | |  1.5
Stealth        | |  1.5

Action                     || total
---------------------------++-------
   Fire: Shortbow          ||    11
Ability: Spit Poison       ||     5
 Armour: Leather armour    ||     2
  Dodge: Dodged            ||     6

Table legend:
 A = Non-vault XP
 B = Vault XP
 C = Vault XP percentage of total XP
 D = Non-vault monster count
 E = Vault monster count
 F = Vault count percentage of total count
                 A         B        C        D         E       F
            +---------+---------+-------+---------+---------+-------
      Total |      10 |       0 |   0.0 |       5 |       0 |   0.0
            +---------+---------+-------+---------+---------+-------
        D:1 |      10 |       0 |   0.0 |       5 |       0 |   0.0
            +---------+---------+-------+---------+---------+-------
